 Dungeon Crawl Stone Soup version 0.21.1-1-g345015f (webtiles) character file.

298 teukkam the Ruffian (level 6, -8/63 HPs)
             Began as a Troll Monk on June 13, 2018.
             Mangled by RENEGADE's ghost (20 damage)
             ... on level 7 of the Dungeon on June 14, 2018.
             The game lasted 00:07:07 (1054 turns).

teukkam the Ruffian (Troll Monk)                    Turns: 1054, Time: 00:07:07

Health: -8/63      AC:  5    Str: 22    XL:     6   Next: 13%
Magic:  5/5        EV: 10    Int:  6    God:
Gold:   128        SH:  0    Dex: 12    Spells: 5/5 levels left

rFire    . . .     SeeInvis .     - Unarmed
rCold    . . .     Gourm    +   (no shield)
rNeg     . . .     Faith    .   a - +0 robe
rPois    .         Spirit   .   (helmet restricted)
rElec    .         Reflect  .   (no cloak)
rCorr    .         Harm     .   (gloves unavailable)
MR       .....                  (boots unavailable)
Stlth    ++........             (no amulet)
HPRegen  0.60/turn              (no ring)
MPRegen  0.09/turn              (no ring)

@: no status effects
A: large, unfitting armour, claws 3, fast metabolism 3, gourmand, regeneration
1, shaggy fur 1, tough skin 2
a: no special abilities


You were on level 7 of the Dungeon.
You were completely stuffed.

You visited 1 branch of the dungeon, and saw 7 of its levels.

You collected 128 gold pieces.

Inventory:

Missiles
 l - 20 bolts
 m - 11 poisoned needles
 o - 4 javelins (quivered)
Armour
 a - a +0 robe (worn)
Jewellery
 h - an uncursed ring of ice
Scrolls
 c - 4 scrolls of identify {unknown}
 d - 3 scrolls of immolation {unknown}
 e - 4 scrolls of remove curse {unknown}
 f - 2 scrolls of magic mapping {unknown}
 g - a scroll of amnesia {unknown}
 i - a scroll of fog {unknown}
 k - a scroll of enchant weapon {unknown}
Comestibles
 b - 5 rations
 j - 2 chunks of flesh


   Skills:
 + Level 4.3 Fighting
 - Level 2.4 Dodging
 - Level 1.0 Stealth
 + Level 5.3 Unarmed Combat


You had 5 spell levels left.
You didn't know any spells.

Dungeon Overview and Level Annotations

Branches:
Dungeon (7/15)
 Temple: D:4-7

Altars:

Annotations:
D:7 RENEGADE's ghost, novice TrBe


Innate Abilities, Weirdness & Mutations

You are too large for most types of armour.
You have claws for hands.
Your metabolism is lightning-fast.
You like to eat raw meat.
Your natural rate of healing is unusually fast.
You are covered in fur. (AC +1)
You have very tough skin. (AC +2)


Message History

RENEGADE's ghost turns its malevolent gaze towards you.
You barely miss RENEGADE's ghost.
The jackal barks!
RENEGADE's ghost barely misses you.
You barely miss RENEGADE's ghost. RENEGADE's ghost hits you!
You scratch RENEGADE's ghost but do no damage.
RENEGADE's ghost hits you!!
You barely miss RENEGADE's ghost. RENEGADE's ghost hits you!
* * * LOW HITPOINT WARNING * * *
It was a potion of heal wounds.
You feel much better.
RENEGADE's ghost says very slowly, "There's no hope."
RENEGADE's ghost barely misses you.
You barely miss RENEGADE's ghost. RENEGADE's ghost hits you!!
Ouch! That really hurt!
* * * LOW HITPOINT WARNING * * *
You feel much better. RENEGADE's ghost hits you!!
* * * LOW HITPOINT WARNING * * *
You scratch RENEGADE's ghost but do no damage.
RENEGADE's ghost hits you!!
You die...

## #.##
#..###
#..#. .h.
#W# #@#
#.## #..#
##.# ##.#
#..###
##...##
#....###
##.....##


You could see RENEGADE's ghost and a jackal.

Vanquished Creatures
  A bullfrog (D:6)
  A water moccasin zombie (D:7)
  A howler monkey (D:7)
  A jelly (D:7)
  A hound (D:6)
  2 worker ants
  An ooze (D:1)
  2 leopard geckos (D:1)
  2 giant cockroaches (D:7)
  4 goblins (D:1)
  4 hobgoblins
  A jackal (D:7)
  3 kobolds
  A quokka (D:5)
  2 bats (D:1)
  4 frilled lizards (D:1)
  A leopard gecko skeleton (D:6)
  8 rats
40 creatures vanquished.

Notes
Turn   | Place    | Note
-------+----------+-------------------------------------------
     0 | D:1      | teukkam the Troll Monk began the quest for the Orb.
     0 | D:1      | Reached XP level 1. HP: 22/22 MP: 0/0
    63 | D:1      | Reached XP level 2. HP: 29/29 MP: 1/1
   318 | D:1      | Reached XP level 3. HP: 36/37 MP: 2/2
   628 | D:5      | Entered Level 5 of the Dungeon
   628 | D:5      | Noticed a phantom
   662 | D:5      | Reached skill level 4 in Unarmed Combat
   741 | D:6      | Noticed a bullfrog
   748 | D:6      | Killed a bullfrog
   748 | D:6      | Reached XP level 4. HP: 33/48 MP: 3/3
   757 | D:6      | Reached XP level 5. HP: 36/54 MP: 4/4
   974 | D:7      | Reached skill level 5 in Unarmed Combat
  1030 | D:7      | Reached XP level 6. HP: 62/63 MP: 5/5
  1044 | D:7      | Noticed RENEGADE's ghost (novice TrBe)
  1054 | D:7      | Mangled by RENEGADE's ghost

Skill      XL: |  1  2  3  4  5 |
---------------+----------------+-----
Fighting       | 3 4 |  4.3
Unarmed Combat | 4 5 |  5.3
Dodging        | |  2.4
Stealth        | |  1.0

Action                   |  1- 3 |  4- 6 || total
-------------------------+-------+-------++-------
Melee: Unarmed           |    80 |    40 ||   120
       Punch             |     1 |       ||     1
Throw: Javelin           |       |     2 ||     2
  Use: Potion            |     3 |     2 ||     5
 Stab: Sleeping          |     1 |     1 ||     2
  Eat: Chunk             |    12 |     3 ||    15
Armor: Robe              |    28 |     9 ||    37
Dodge: Dodged            |    39 |    19 ||    58
